AoeStats
← Aqualava

Arena

510927651Analyzed
2v2 RM · 11h ago on Oct 3, 2026· 59m 24s· 4 players
Game mode
Random Map
Map size
Medium (4 player)
Population
200
Speed
Normal
Resources
Standard
Victory
Conquest
Starting age
Dark Age
Ending age
Imperial Age
RankedLock teamsTeams togetherTeam positionsShared explorationLock speedFull tech treeHidden civsTurbo modeCheats
Victory
Defeat
🇵🇪 Burmese · Peru
1066
+19
🇲🇽 Spanish · Mexico
1048
+19
🇧🇴 Spanish · Bolivia
1124
-19
🇧🇴 Aztecs · Bolivia
1117
-19
Kasquito 07
2:30 Loom
10:05 Feudal Age
15:17 Castle Age
13:29 Double-Bit Axe
14:03 Stone Mining
20:35 Wheelbarrow
23:26 Horse Collar
26:10 Bow Saw
27:33 Town Watch
28:47 Heavy Plow
29:08 Hand Cart
35:19 Imperial Age
33:17 Forging
34:39 Iron Casting
34:49 Scale Barding Armor
35:05 Masonry
34:55 Gold Mining
35:46 Husbandry
35:57 Bloodlines
37:18 Blast Furnace
36:44 Conscription
35:56 Cavalier
37:09 Paladin
39:13 Chain Barding Armor
43:12 Plate Barding Armor
47:21 Stone Shaft Mining
49:42 Chemistry
48:38 Murder Holes
49:05 Ballistics
49:16 Architecture
50:11 Fletching
51:54 Light Cavalry
53:28 Hussar
57:24 Bodkin Arrow
58:48 Bracer
EL CHANCHO 3026
10:50 Feudal Age
15:14 Castle Age
15:41 Light Cavalry
23:31 Fervor
25:11 Wheelbarrow
25:19 Loom
28:12 Town Watch
28:44 Hand Cart
28:35 Horse Collar
31:32 Imperial Age
29:45 Bloodlines
29:35 Husbandry
33:07 Fletching
33:18 Padded Archer Armor
35:26 Chemistry
34:47 Bodkin Arrow
34:58 Scale Barding Armor
35:21 Forging
36:16 Parthian Tactics
36:55 Conscription
37:23 Manipur Cavalry
41:21 Elite Skirmisher
43:00 Bracer
46:05 Chain Barding Armor
45:50 Howdah
47:01 Iron Casting
49:01 Plate Barding Armor
50:07 Blast Furnace
48:32 Hussar
50:56 Caravan
52:46 Redemption
52:37 Devotion
52:58 Sanctity
53:45 Heavy Plow
54:38 Elite Battle Elephant
54:57 Capped Ram
Fanto
9:25 Loom
12:10 Feudal Age
13:52 Horse Collar
13:58 Double-Bit Axe
16:29 Castle Age
18:48 Bow Saw
19:14 Heavy Plow
25:22 Wheelbarrow
27:46 Gold Mining
29:37 Hand Cart
34:53 Forging
34:44 Scale Mail Armor
38:46 Imperial Age
37:40 Iron Casting
37:14 Town Watch
39:27 Stone Mining
39:36 Pikeman
42:20 Blast Furnace
41:36 Chain Mail Armor
40:55 Halberdier
45:50 Plate Mail Armor
46:38 Two-Man Saw
Aqualava
2:25 Loom
11:22 Feudal Age
16:08 Castle Age
14:38 Double-Bit Axe
15:11 Horse Collar
24:59 Wheelbarrow
26:20 Bow Saw
26:41 Heavy Plow
27:14 Town Watch
27:22 Stone Mining
27:23 Gold Mining
27:33 Gold Mining
28:08 Fervor
29:42 Squires
31:13 Sanctity
31:06 Redemption
33:43 Imperial Age
32:32 Hand Cart
32:38 Forging
32:28 Scale Mail Armor
34:35 Iron Casting
34:16 Chain Mail Armor
34:53 Conscription
33:54 Elite Jaguar Warrior
35:33 Theocracy
35:48 Gold Shaft Mining
35:49 Stone Shaft Mining
36:12 Crop Rotation
37:19 Illumination
37:15 Block Printing
37:02 Atonement
38:24 Chemistry
37:45 Ballistics
42:29 Garland Wars
42:44 Plate Mail Armor
44:51 Blast Furnace
43:30 Pikeman
43:56 Arson
44:53 Fletching
45:04 Padded Archer Armor
45:32 Elite Skirmisher
46:36 Bodkin Arrow
47:27 Leather Archer Armor
47:37 Bracer
48:45 Atlatl
Connection lost

Rejoining the realm…

Still unreachable

The connection could not be restored.

Session expired

The server has moved on; the page needs a fresh start.